cohdb
Replays
Latest Replays
All Replays
Popular Replays
Top Player Replays
Match Explorer
How It Works
Community
CoH3 Stats
Reddit
Sign in to upload your games and track your stats! →
Sign in with Steam
Match 42516292
Unlisted
Match 42516292
Overview
Messages
Build Orders
End
Construct Barracks
Riflemen Squad
Riflemen Squad
M1 Mortar Team
M1 Mortar Team
Infantry Support Center
Grenade Package
Riflemen Squad
Selects Advanced Infantry Battlegroup
Selects Convert to Ranger Squad
Construct Motor Pool
Selects Frontline Medical Station
M8 Greyhound Armored Car
Engineer Squad
Frontline Medical Station
Riflemen Squad
Convert to Ranger Squad
Selects Infantry Assault
Survival Training
Infantry Assault
M1 Anti-tank Gun Team
M1 Anti-tank Gun Team
Ranger Squad
Baloney
Onoyk
Neon-Reactionary
Quejour
Goliath
frostie
0
0
Comments
sign in to comment!
No comments posted yet!